 Dungeon Crawl Stone Soup version 0.29.1-2-gbd0b4ee654 (webtiles) character file.

Game seed: 15336623527452718399

3105 LustLizard the Grappler (level 9, -9/88 HPs)
             Began as a Troll Fighter on Nov 23, 2022.
             Was a Priest of Wu Jian.
             Killed from afar by Erica (31 damage)
             ... with a bolt of poison
             ... on level 8 of the Dungeon.
             The game lasted 00:18:36 (6288 turns).

LustLizard the Grappler (Troll Fighter)             Turns: 6288, Time: 00:18:37

Health: -9/88      AC:  4    Str: 26    XL:     9   Next: 60%
Magic:  17/17      EV:  8    Int:  8    God:    Wu Jian [***...]
Gold:   828        SH: 10    Dex:  9    Spells: 8/8 levels left

rFire   + + .      SeeInvis .     - Unarmed
rCold   + + .      Faith    .   I - +2 shield of Resistance {rF++ rC++ Will++}
rNeg    . . .      Spirit   .   a - +0 robe
rPois   .          Reflect  .   (helmet restricted)
rElec   .          Harm     .   (no cloak)
rCorr   .          Rampage  .   (gloves unavailable)
Will    ++...                   (boots unavailable)
Stlth   +.........              (no amulet)
HPRegen 1.04/turn               y - ring of magical power
MPRegen 0.15/turn               (no ring)

@: lethally poisoned (-9 -> -27)
A: large, unfitting armour, claws 3, regeneration 1, shaggy fur 1, tough skin 1
a: Renounce Religion, Wall Jump, Serpent's Lash


You were on level 8 of the Dungeon.
You worshipped Wu Jian.
Wu Jian was most pleased with you.
You visited 2 branches of the dungeon, and saw 9 of its levels.
You also visited: Ossuary and Bailey.

You collected 828 gold pieces.

Inventory:

Missiles
 p - 49 stones
 r - 5 poisoned darts
 D - a throwing net
Armour
 a - a +0 robe (worn)
 b - a +0 kite shield
 I - the +2 shield of Resistance (worn) {rF++ rC++ Will++}
   (You found it in a bailey)

   rF:        It greatly protects you from fire.
   rC:        It greatly protects you from cold.
   Will:      It greatly increases your willpower.
Jewellery
 y - a ring of magical power (left claw)
Wands
 n - a wand of roots (1)
 q - a wand of digging (8)
 u - a wand of flame (17)
 x - a wand of mindburst (12) (quivered)
 J - a wand of paralysis (9)
Scrolls
 d - 2 scrolls of butterflies {unknown}
 f - 5 scrolls of teleportation
 h - 4 scrolls of immolation {unknown}
 i - 3 scrolls of amnesia {unknown}
 o - a scroll of blinking
 v - a scroll of enchant armour {unknown}
 w - a scroll of enchant weapon {unknown}
 A - 2 scrolls of magic mapping {unknown}
 B - a scroll of brand weapon {unknown}
 K - a scroll of silence {unknown}
 L - a scroll of poison {unknown}
 M - a scroll of fear {unknown}
 O - a scroll of summoning {unknown}
Potions
 c - 3 potions of might
 e - 2 potions of brilliance
 g - 2 potions of heal wounds
 j - 2 potions of attraction
 k - 2 potions of degeneration
 l - 2 potions of mutation
 m - 3 potions of haste
 s - 5 potions of curing
 t - a potion of lignification
 z - a potion of magic
 C - a potion of invisibility
 F - 4 potions of flight
 H - a potion of cancellation {unknown}
 N - a potion of experience {unknown}
Miscellaneous
 E - a box of beasts
 G - a lightning rod (4/4)


   Skills:
 + Level 5.6 Fighting
 - Level 2.4 Dodging
 + Level 6.2 Shields
 * Level 8.9 Unarmed Combat
 * Level 4.1 Evocations


You had 8 spell levels left.
You didn't know any spells.
Your spell library contained the following spells:

 Spells                   Type           Power      Damage    Failure   Level
 Apportation              Tloc           0%         N/A       67%         1
 Sandblast                Erth           0%         2d4       67%         1
 Passwall                 Tmut/Erth      0%         N/A       80%         2
 Stone Arrow              Conj/Erth      0%         3d7       95%         3
 Alistair's Intoxication  Tmut/Pois      0%         N/A       100%        5


Dungeon Overview and Level Annotations

Branches:
Dungeon (8/15)             Temple (1/1) D:4         Ossuary (visited)
 Bailey (visited)
   Lair: D:8-11

Altars:
Ashenzari
Cheibriados
Dithmenos
Fedhas
Hepliaklqana
Nemelex Xobeh
Okawaru
Qazlal
Ru
Trog
Uskayaw
Vehumet
Wu Jian
Xom
The Shining One

Shops:
D:3 (

Annotations:
D:6 3 runed translucent doors, Chenzi's ghost, novice MiFi
D:8 Erica


Innate Abilities, Weirdness & Mutations

You are too large for most types of armour.
You have claws for hands.
Your natural rate of healing is unusually fast.
You are covered in fur. (AC +1)
You have tough skin. (AC +1)


Message History

Erica burns you.
You mangle Erica!!
Erica is moderately wounded.
Erica points at you and mumbles some strange words.
You block the lance of force.
You completely miss Erica.
Erica is moderately wounded.
Erica closely misses you.
You barely miss Erica.
Erica is moderately wounded.
Erica says, "I'm so much better than you."
Erica barely misses you.
You barely miss Erica.
Erica is moderately wounded.
Erica hits you with a +3 scimitar of flaming!
Erica burns you.
You completely miss Erica.
Erica is moderately wounded.
Erica hits you with a +3 scimitar of flaming!
Erica burns you.
You scratch Erica but do no damage.
Erica is moderately wounded.
Erica barely misses you.
You barely miss Erica.
Erica is moderately wounded.
Erica hits you with a +3 scimitar of flaming.
You scratch Erica.
Erica is heavily wounded.
Erica casts a spell at you. The bolt of poison hits you!!
You are poisoned.
* * * LOW HITPOINT WARNING * * *
You closely miss Erica.
Erica is heavily wounded.
You feel very sick.
Erica screams, "You'll never get it!"
Erica gestures at you while chanting. The bolt of poison hits you!!
You are more poisoned.
You die...

#.# #.###.#.# #.# ###
#.#.# # #.# #.#.# #.
#.# ######.#.# # #.
#.# #........#
..###.###.###.####.###
#.............# #.#
.........†##### #.#
####.@...)..# #.#
#@##.###.# #.# #. #.#
#.# #. #.# #.# #. #.#
#. #.# ..##.# #.# .#
#.#


You could see Erica.

Vanquished Creatures
  A wyvern (D:8)
  Menkaure (Ossuary)
  A water moccasin (D:6)
  4 orc warriors (Bailey)
  A black bear (D:4)
  2 ice beasts
  4 ogres
  A centaur (D:7)
  A phantom (D:6)
  4 bullfrogs
  A gnoll sergeant (D:6)
  3 scorpions
  A wight (D:6)
  3 howler monkeys (D:7)
  2 centaur zombies (Ossuary)
  3 hounds
  3 jellies
  Natasha (thrice) (D:2)
  4 iguanas
  2 orc wizards
  3 ogre zombies (Ossuary)
  7 mummies
  Robin (D:4)
  4 gnolls (D:6)
  9 adders
  A shadow imp (D:6)
  A white imp (D:6)
  2 adder zombies (Ossuary)
  3 worms
  4 dart slugs
  18 orcs
  7 bats
  9 endoplasms
  3 giant cockroaches
  22 goblins
  12 hobgoblins
  15 kobolds
  4 quokkas
  5 ball pythons
  8 frilled lizards
  3 goblin zombies (Ossuary)
  4 hobgoblin zombies (Ossuary)
  3 kobold zombies (Ossuary)
  6 quokka zombies (Ossuary)
  5 rats
  7 rat zombies (Ossuary)
211 creatures vanquished.

Vanquished Creatures (others)
  A black bear (D:6)
  A kobold brigand (D:6)
  2 scorpions (D:6)
  A howler monkey (D:6)
  An orc wizard (D:6)
  2 iguanas (D:6)
  A plant (D:6)
9 creatures vanquished.

Grand Total: 220 creatures vanquished

Notes
Turn   | Place    | Note
-------+----------+-------------------------------------------
     0 | D:1      | LustLizard the Troll Fighter began the quest for the Orb.
     0 | D:1      | Reached XP level 1. HP: 22/22 MP: 0/0
   122 | D:1      | Reached XP level 2. HP: 29/29 MP: 1/1
   366 | D:1      | Reached XP level 3. HP: 36/36 MP: 2/2
   577 | D:1      | Reached skill level 3 in Unarmed Combat
   823 | D:2      | Noticed Natasha
   832 | D:2      | Killed Natasha
   833 | D:2      | Reached XP level 4. HP: 44/45 MP: 3/3
   845 | D:2      | Found a faded altar of an unknown god.
   897 | D:2      | Noticed Natasha
   906 | D:2      | Killed Natasha
  1110 | D:2      | Noticed Natasha
  1118 | D:2      | Killed Natasha
  1119 | D:2      | Reached skill level 4 in Unarmed Combat
  1119 | D:2      | Reached XP level 5. HP: 53/53 MP: 4/4
  1156 | D:3      | Found Basian's Weapon Shop.
  1656 | D:3      | Found an iron altar of Okawaru.
  1736 | D:4      | Found a staircase to the Ecumenical Temple.
  1747 | Temple   | Entered the Ecumenical Temple
  1763 | Temple   | Became a worshipper of the Wu Jian Council
  1875 | D:4      | Noticed Robin
  1878 | D:4      | Reached XP level 6. HP: 61/61 MP: 5/5
  1880 | D:4      | Killed Robin
  1934 | D:4      | Found a shadowy altar of Dithmenos.
  2018 | D:4      | Reached skill level 5 in Unarmed Combat
  2084 | D:4      | Reached XP level 7. HP: 41/68 MP: 6/6
  2354 | D:5      | Entered Level 5 of the Dungeon
  2389 | D:5      | Reached skill level 6 in Unarmed Combat
  3017 | D:5      | Reached * piety under Wu Jian
  3240 | D:6      | Reached skill level 5 in Shields
  3363 | D:6      | Found a hazy altar of Hepliaklqana.
  3436 | D:6      | Found a shimmering altar of Xom.
  3591 | D:6      | Found a runed translucent gate.
  3592 | D:6      | Found a runed translucent gate.
  3593 | D:6      | Found a runed translucent gate.
  3594 | D:6      | Noticed Chenzi's ghost (novice MiFi)
  3623 | D:6      | Reached XP level 8. HP: 79/79 MP: 7/7
  3763 | D:6      | Reached skill level 7 in Unarmed Combat
  3763 | D:6      | Reached skill level 1 in Evocations
  4281 | D:7      | Reached skill level 5 in Fighting
  4345 | D:7      | Found a flagged portal.
  4354 | D:7      | Reached ** piety under Wu Jian
  4358 | Bailey   | Entered a bailey
  4501 | Bailey   | Reached skill level 8 in Unarmed Combat
  4501 | Bailey   | Reached XP level 9. HP: 63/88 MP: 8/8
  4520 | Bailey   | HP: 2/88 [orc warrior/+0 war axe (21)]
  4615 | Bailey   | Found the +2 shield of Resistance {rF++ rC++ Will++}
  4756 | D:7      | Found a blossoming altar of Fedhas.
  4801 | D:7      | Found a sand-covered staircase.
  4809 | Ossuary  | Entered an ossuary
  5054 | Ossuary  | Reached *** piety under Wu Jian
  5102 | Ossuary  | Noticed Menkaure
  5108 | Ossuary  | Killed Menkaure
  6043 | D:8      | Noticed Erica
  6288 | D:8      | Killed from afar by Erica

Illustrated notes

Levels and vault maps discovered:
D:1:      dpeg_arrival_short_road, layout_loops_cross
D:2:      layout_rooms, hellmonk_ecumenical_altar_run_dry, uniq_natasha
D:3:      layout_rooms, mainiacjoe_overflow_alcove_1, serial_shops,
          nicolae_shop_bloodbath_and_beyond, chequers_serial_rivers_marsh
D:4:      layout_basic, mainiacjoe_overflow_catwalk,
          minmay_temple_entry_steel_oval, uniq_robin
D:5:      layout_loops_ring, chequers_hall_statues_wall_a
D:6:      layout_gridville, nicolae_hepliaklqana_hazy_memory,
          xom_confusion_cloud, gammafunk_ghost_necromancy
D:7:      layout_loops_corners, lemuel_tele_altar, enter_bailey_3,
          gup_ossuary_entry_pyramid
D:8:      layout_loops_ring, kennysheep_mini, zin_treasury, fountainhead,
          glass_columns_b, dk_rats_in_the_wall, uniq_gastronok, uniq_erica
Temple:   nicolae_temple_ecumenical_triangle

Skill      XL: |  1  2  3  4  5  6  7  8  9 |
---------------+----------------------------+-----
Shields        | 3 4 5 6 |  6.2
Unarmed Combat | 3 4 5 6 8 |  8.9
Fighting       | 3 4 5 |  5.6
Evocations     | 3 4 |  4.1
Dodging        | |  2.4

Action                   |  1- 3 |  4- 6 |  7- 9 || total
-------------------------+-------+-------+-------++-------
Melee: Unarmed           |   118 |   132 |   314 ||   564
Throw: Stone             |       |     6 |    11 ||    17
       Dart              |       |     6 |     2 ||     8
Invok: Lunge             |       |     8 |    29 ||    37
       Whirlwind         |       |       |    12 ||    12
Evoke: Wand              |       |       |     4 ||     4
  Use: Scroll            |       |     4 |    10 ||    14
       Potion            |       |       |     3 ||     3
 Stab: Sleeping          |       |     1 |       ||     1
Armor: Robe              |    40 |    31 |    37 ||   108
Dodge: Dodged            |    30 |    41 |    73 ||   144
Block: Kite shield       |    41 |    38 |    97 ||   176
